 Dungeon Crawl Stone Soup version 0.22-a0-825-ga28c36f (webtiles) character file.

1373 theanonym the Magician (level 8, -1/53 HPs)
             Began as a Mummy Summoner on July 24, 2018.
             Was an Initiate of Vehumet.
             Killed from afar by an orc wizard (4 damage)
             ... with a magic dart
             ... on level 6 of the Dungeon.
             The game lasted 00:19:55 (12113 turns).

theanonym the Magician (Mummy Summoner)            Turns: 12113, Time: 00:19:56

Health: -1/53      AC:  3    Str: 12      XL:     8   Next: 39%
Magic:  11/18      EV: 12    Int: 16      God:    Vehumet [......]
Gold:   252        SH:  0    Dex: 15 (16) Spells: 13/21 levels left

rFire    x . .     SeeInvis .   f - +2 dagger (freeze)
rCold    + . .     Gourm    .   (no shield)
rNeg     + + +     Faith    .   a - +1 robe
rPois    ∞         Spirit   .   (no helmet)
rElec    .         Reflect  .   (no cloak)
rCorr    .         Harm     .   (no gloves)
MR       +....                  (no boots)
Stlth    ++........             (no amulet)
HPRegen  0.17/turn              e - +4 ring of dexterity
MPRegen  0.16/turn              (no ring)

@: no status effects
A: no food or potions, fire vulnerability, cold resistance 1, negative energy
resistance 3, torment resistance, unbreathing
a: Renounce Religion


Innate Abilities, Weirdness & Mutations

You do not eat or drink.
Your flesh is vulnerable to fire.
You are immune to poison.
Your flesh is cold resistant. (rC+)
You are immune to negative energy. (rN+++)
You are immune to unholy pain and torment.
You can survive without breathing.


   Skills:
 + Level 0.5 Fighting
 - Level 1.5 Dodging
 - Level 1.5 Stealth
 + Level 7.2 Spellcasting
 - Level 6.0 Summonings
 - Level 5.0 Ice Magic


You had 13 spell levels left.
You knew the following spells:

 Your Spells              Type           Power        Failure   Level  Hunger
a - Summon Small Mammal   Summ           ####         1%          1    N/A
b - Call Imp              Summ           ####....     1%          2    N/A
c - Summon Ice Beast      Ice/Summ       ###.....     13%         4    N/A
q - Apportation           Tloc           #.....       12%         1    N/A

Your spell library contained the following spells:

 Spells                   Type           Power        Failure   Level  Hunger
 Animate Skeleton         Necr           N/A          12%         1    N/A
 Confusing Touch          Hex            #.....       12%         1    N/A
 Call Canine Familiar     Summ           ####....     3%          3    N/A
 Summon Lightning Spire   Summ/Air       ###.....     34%         4    N/A
 Summon Guardian Golem    Hex/Summ       ###.....     11%         3    N/A

Skill      XL: |  1  2  3  4  5  6  7  8 |
---------------+-------------------------+-----
Spellcasting   | 3 4 5 6 7 |  7.2
Summonings     | 4 5 6 |  6.0
Ice Magic      | 1 3 4 5 |  5.0
Fighting       | |  0.5
Dodging        | |  1.5
Stealth        | |  1.5

Action                   |  1- 3 |  4- 6 |  7- 9 || total
-------------------------+-------+-------+-------++-------
Melee: Short sword       |   132 |   228 |       ||   360
       Unarmed           |     7 |       |       ||     7
       Dagger            |       |    20 |   156 ||   176
 Cast: Summon Small Mamm |     4 |       |     1 ||     5
       Call Imp          |    16 |    51 |    13 ||    80
       Summon Ice Beast  |       |     6 |    22 ||    28
Evoke: Wand              |       |    13 |    13 ||    26
  Use: Scroll            |       |     6 |       ||     6
 Stab: Distracted        |     1 |     1 |     1 ||     3
       Sleeping          |     5 |     4 |     4 ||    13
Armor: Robe              |    22 |    51 |    38 ||   111
Dodge: Dodged            |    97 |   197 |   111 ||   405

Inventory:

Hand Weapons
 b - a +0 short sword
   (You took it off a kobold on level 1 of the Dungeon)
 f - a +2 dagger of freezing (weapon)
   (You took it off an orc on level 4 of the Dungeon)
Armour
 a - a +1 robe (worn)
 g - a +0 leather armour
   (You found it on level 2 of the Dungeon)
Jewellery
 e - a +4 ring of dexterity (left hand)
   (You found it on level 5 of the Dungeon)
Wands
 c - a wand of flame (22)
   (You found it on level 3 of the Dungeon)
 i - a wand of random effects (11)
   (You found it on level 5 of the Dungeon)
Scrolls
 d - 2 scrolls of amnesia
 h - a scroll of noise
 n - 7 scrolls of remove curse
 y - a scroll of magic mapping


You were on level 6 of the Dungeon.
You worshipped Vehumet.
Vehumet was noncommittal.
You were not hungry.

You visited 2 branches of the dungeon, and saw 7 of its levels.

You collected 252 gold pieces.

Dungeon Overview and Level Annotations

Branches:
Dungeon (6/15)             Temple (1/1) D:5

Altars:
Cheibriados
Elyvilon
Gozag
Kikubaaqudgha
Makhleb
Nemelex Xobeh
Qazlal
Ru
Trog
Uskayaw
Vehumet
Xom
Yredelemnul

Shops:
D:4

( #........##
#.........#÷.####
..........##
##.........[..#...
#..........##
#.........[.......
............#
#..........##....>
............##
#........#.###....
.............#
##.....)..###.....
.........<...####......#.#
#.....
..#...........Y###.......#
#.....
..#.............@.#...#.##
#.....
.###..................#.#
#.....
..##.................#.##
#.....
#.###...............##.#
......
#..###.........8....#..#
##.# #.(............#.##
#.####..##.........#.##
##.# ######...........## #
#.## ###...........# ####


You could see a friendly ice beast.

Notes
Turn   | Place    | Note
-------+----------+-------------------------------------------
     0 | D:1      | theanonym the Mummy Summoner began the quest for the Orb.
     0 | D:1      | Reached XP level 1. HP: 13/13 MP: 4/4
   280 | D:1      | HP: 4/13 [ooze (5)]
   283 | D:1      | Reached skill level 3 in Spellcasting
   283 | D:1      | Reached XP level 2. HP: 6/19 MP: 4/6
   907 | D:1      | Learned a level 2 spell: Call Imp
   970 | D:1      | HP: 9/19 [kobold/club (6)]
   982 | D:1      | Reached XP level 3. HP: 8/24 MP: 3/7
   986 | D:1      | HP: 7/24 [hobgoblin/club (1)]
  1255 | D:1      | HP: 11/24 [hobgoblin/club (3)]
  1455 | D:1      | Reached skill level 4 in Summonings
  1708 | D:2      | HP: 10/24 [worm (10)]
  1977 | D:2      | HP: 10/24 [hobgoblin/club (7)]
  1988 | D:2      | HP: 9/24 [dart slug/slug dart (2)]
  2103 | D:2      | HP: 10/24 [adder (4)]
  2109 | D:2      | HP: 5/24 [giant cockroach (2)]
  2390 | D:2      | Reached XP level 4. HP: 29/30 MP: 9/9
  2492 | D:2      | HP: 12/30 [worm (10)]
  2817 | D:2      | Learned a level 4 spell: Summon Ice Beast
  2833 | D:2      | HP: 14/30 [hobgoblin (3)]
  2848 | D:2      | HP: 12/30 [hobgoblin (3)]
  3479 | D:2      | HP: 15/30 [rat (3)]
  3721 | D:3      | HP: 15/30 [adder (2)]
  3728 | D:3      | HP: 8/30 [adder (4)]
  3737 | D:3      | Reached skill level 4 in Spellcasting
  4038 | D:3      | Found a transporter.
  4161 | D:3      | Found a transporter.
  4179 | D:3      | HP: 14/30 [worm (10)]
  4390 | D:3      | Noticed a phantom
  4396 | D:3      | HP: 14/30 [phantom (7)]
  4397 | D:3      | HP: 5/30 [goblin/club (6)]
  4661 | D:3      | HP: 8/30 [electric eel/bolt of electricity (11)]
  4662 | D:3      | Reached XP level 5. HP: 10/35 MP: 11/11
  4898 | D:3      | HP: 11/35 [electric eel/bolt of electricity (11)]
  5119 | D:3      | Reached skill level 5 in Summonings
  5202 | D:3      | Noticed Terence
  5208 | D:3      | Killed Terence
  5480 | D:4      | Noticed an ogre
  5538 | D:3      | Killed a phantom
  5538 | D:3      | Reached skill level 5 in Spellcasting
  5538 | D:3      | Reached skill level 1 in Ice Magic
  5538 | D:3      | Reached XP level 6. HP: 32/41 MP: 7/13
  5642 | D:3      | HP: 15/41 [orc/short sword (9)]
  5646 | D:3      | HP: 1/41 [orc/war axe (9)]
  6174 | D:3      | Found a white marble altar of Elyvilon.
  6284 | D:4      | Noticed Blork the orc
  6501 | D:4      | Reached skill level 2 in Ice Magic
  6752 | D:4      | HP: 20/41 [leopard gecko (4)]
  6765 | D:4      | HP: 19/41 [jackal (3)]
  7143 | D:4      | Found Enap's Weapon Boutique.
  7234 | D:4      | HP: 16/41 [orc/flail (5)]
  7593 | D:4      | HP: 17/41 [worker ant (5)]
  7992 | D:5      | Entered Level 5 of the Dungeon
  8169 | D:5      | Found a sparkling altar of Nemelex Xobeh.
  8194 | D:5      | Reached skill level 3 in Ice Magic
  8194 | D:5      | Reached XP level 7. HP: 46/46 MP: 3/15
  8459 | D:5      | Reached skill level 6 in Spellcasting
  8462 | D:5      | Learned a level 1 spell: Apportation
  8495 | D:5      | HP: 22/46 [shadow imp (2)]
  8913 | D:5      | HP: 21/46 [centaur/arrow (5)]
  8914 | D:5      | HP: 9/46 [centaur/arrow (12)]
  9326 | D:5      | Found a staircase to the Ecumenical Temple.
  9417 | Temple   | Entered the Ecumenical Temple
  9466 | Temple   | Became a worshipper of Vehumet
  9568 | D:5      | Reached skill level 4 in Ice Magic
  9831 | D:5      | HP: 23/46 [howler monkey (5)]
 10347 | D:6      | Reached XP level 8. HP: 52/52 MP: 8/17
 10578 | D:6      | Found a shimmering altar of Xom.
 11428 | D:6      | HP: 24/52 [orc warrior/halberd (8)]
 11429 | D:6      | Reached skill level 7 in Spellcasting
 11429 | D:6      | Reached skill level 5 in Ice Magic
 11433 | D:6      | HP: 24/52 [orc/club (1)]
 11634 | D:4      | Killed Blork the orc
 11634 | D:4      | Reached skill level 6 in Summonings
 11886 | D:4      | Found Enap's Weapon Boutique.
 12073 | D:6      | HP: 23/52 [orc priest/divine providence (14)]
 12082 | D:6      | HP: 23/53 [orc/tomahawk (1)]
 12096 | D:6      | HP: 23/53 [something/magic dart (2)]
 12112 | D:6      | HP: 3/53 [something/puff of flame (21)]
 12113 | D:6      | Killed from afar by an orc wizard

Vanquished Creatures
  An orc warrior (D:6)
  A phantom (D:3)
  A centaur (D:5)
  2 ogres (D:5)
  2 electric eels (D:3)
  2 howler monkeys (D:5)
  A jelly (D:5)
  A centaur skeleton (D:4)
  A hound (D:5)
  A bullfrog skeleton (D:6)
  An orc wizard (D:4)
  Terence (D:3)
  A worker ant (D:5)
  A hound skeleton (D:5)
  An adder (D:3)
  2 shadow imps
  4 oozes
  An adder skeleton (D:4)
  6 leopard geckos
  4 orcs
  9 bats
  6 giant cockroaches
  5 goblins
  6 hobgoblins
  3 jackals (D:4)
  12 kobolds
  4 quokkas
  4 frilled lizards
  7 rats
91 creatures vanquished.

Vanquished Creatures (collateral kills)
  A sky beast (D:6)
  2 ogres
  A centaur (D:5)
  Blork the orc (D:4)
  2 bullfrogs (D:6)
  A scorpion (D:5)
  A water moccasin skeleton (D:6)
  A quasit (D:6)
  An orc priest (D:6)
  An orc wizard (D:6)
  3 worker ants
  3 adders
  A shadow imp (D:5)
  4 worms
  2 dart slugs (D:2)
  2 leopard geckos
  9 orcs
  A ball python (D:3)
  A giant cockroach (D:2)
  3 goblins
  3 hobgoblins
  4 jackals
  2 kobolds
  A bat (D:2)
51 creatures vanquished.

Grand Total: 142 creatures vanquished

Table legend:
 A = Turns spent in this place as a percentage of turns spent in the entire game.
 B = Non-inter-level travel turns spent in this place as a percentage of non-inter-level travel turns spent in the entire game.
 C = Inter-level travel turns spent in this place as a percentage of turns spent in this place.
 D = Turns resting spent in this place as a percentage of non-inter-level travel turns spent in this place.
 E = Turns spent auto-exploring this place as a percentage of non-inter-level travel turns spent in this place.
 F = Non-inter-level travel turns spent in this place divided by the number of levels of this place that you've seen.
                   A       B       C       D       E      F
               +-------+-------+-------+-------+-------+----------------------
         Total | 100.0 | 100.0 |   3.4 |  57.1 |  30.3 | 1671.9
       Dungeon |  99.5 |  99.6 |   3.3 |  57.3 |  30.1 | 1942.2
        Temple |   0.5 |   0.4 |  23.1 |   0.0 |  84.0 |  50.0
               +-------+-------+-------+-------+-------+----------------------
